 Dungeon Crawl Stone Soup version 0.28-a0-628-g3c9886e45e (webtiles) character file.

Game seed: 3067234559098572162

3 siradein the Sneak (level 1, 0/17 HPs)
             Began as a Draconian Brigand on Oct 8, 2021.
             Succumbed to a kobold's poison
             ... on level 1 of the Dungeon.
             The game lasted 00:00:24 (164 turns).

siradein the Sneak (Draconian Brigand)               Turns: 164, Time: 00:00:25

Health: 0/17       AC:  5    Str: 13    XL:     1   Next: 41%
Magic:  1/1        EV: 11    Int: 11    God:
Gold:   29         SH:  0    Dex: 12    Spells: 0/0 levels left

rFire   . . .      SeeInvis .   a - +2 dagger
rCold   . . .      Faith    .   (no shield)
rNeg    . . .      Spirit   .   (armour unavailable)
rPois   .          Reflect  .   (helmet restricted)
rElec   .          Harm     .   b - +0 cloak
rCorr   .          Rampage  .   (no gloves)
Will    .....                   (no boots)
Stlth   ++........              (no amulet)
HPRegen 0.05/turn               (no ring)
MPRegen 0.07/turn               (no ring)

@: lethally poisoned (0 -> -6)
A: AC +4, unfitting armour, cold-blooded
a: no special abilities


You were on level 1 of the Dungeon.
You visited 1 branch of the dungeon, and saw 1 of its levels.

You collected 29 gold pieces.

Inventory:

Hand Weapons
 a - a +2 dagger (weapon)
Missiles
 c - 19 poisoned darts (quivered)
 d - 2 curare-tipped darts
Armour
 b - a +0 cloak (worn)


   Skills:
 + Level 2.3 Fighting
 - Level 2.0 Short Blades
 + Level 0.2(1.2) Long Blades
 + Level 1.8 Throwing
 + Level 1.0 Dodging
 - Level 3.6 Stealth


You couldn't memorise any spells.
You didn't know any spells.
Your spell library was empty.

Dungeon Overview and Level Annotations

Branches:
Dungeon (1/15)

Altars:


Innate Abilities, Weirdness & Mutations

Your plain brown scales are hard. (AC +4)
You cannot fit into any form of body armour.
You are cold-blooded and may be slowed by cold attacks.


Message History

The helpless rat fails to defend itself.
You impale the rat!!
You kill the rat!
Your Dodging skill increases to level 1!
No target in view!
A frilled lizard comes into view.
The frilled lizard hisses angrily.
A kobold comes into view. It is wielding a +0 dagger of venom.
There are monsters nearby!
There are monsters nearby!
The kobold shouts!
The frilled lizard completely misses you.
You closely miss the frilled lizard.
The frilled lizard bites you but does no damage.
You barely miss the frilled lizard. You barely miss the frilled lizard.
The frilled lizard bites you but does no damage.
The kobold hits you but does no damage.
You are poisoned.
You closely miss the frilled lizard.
Your tail-slap misses the frilled lizard.
You feel very sick. The frilled lizard misses you.
The kobold hits you with a +0 dagger of venom.
You are lethally poisoned!
You barely miss the frilled lizard.
Your tail-slap misses the frilled lizard.
You feel very sick. The frilled lizard barely misses you.
You hit the frilled lizard.
You kill the frilled lizard!
You feel very sick. The kobold closely misses you.
* * * LOW HITPOINT WARNING * * *
You feel sick.
The kobold throws a stone.
The stone barely misses you.
* * * LOW HITPOINT WARNING * * *
You feel sick.
* * * LOW HITPOINT WARNING * * *
You feel sick.
You die...

≈§§≈≈..§≈§≈≈≈ ..
§≈§≈§.§§≈§§≈# .#
≈≈≈#≈..≈#≈≈§# .#
#≈≈≈≈..≈≈≈≈## ###.#
###§≈..≈≈### ...#
#####''######## #..#
#.###§.##.#.#.# #.K#
..............#####..#
##.........#....@....#
######.......#####.##
#.#.....# #.# #
#.#...### #.# #
##.#...# #.# ##
#..#...# #.#
.#####.##...# #.#
............#######.#
.#####.##...........


There were no monsters in sight!

Vanquished Creatures
  A quokka (D:1)
  A frilled lizard (D:1)
  2 rats (D:1)
4 creatures vanquished.

Notes
Turn   | Place    | Note
-------+----------+-------------------------------------------
     0 | D:1      | siradein the Draconian Brigand began the quest for the Orb.
     0 | D:1      | Reached XP level 1. HP: 17/17 MP: 1/1
   125 | D:1      | Reached skill level 1 in Dodging
   164 | D:1      | Succumbed to a kobold's poison

Illustrated notes

Levels and vault maps discovered:
D:1:      lightli_molten_gateway, layout_loops_ring, grunt_decor_arrowhead,
          st_stairs_10

Skill      XL: |  1 |
---------------+----+-----
Dodging        | 1 |  1.0
Fighting       | |  2.3
Short Blades   | |  2.0
Long Blades    | |  0.2
Throwing       | |  1.8
Stealth        | |  3.6

Action                   || total
-------------------------++-------
Melee: Dagger            ||    14
       Tailslap          ||     1
 Stab: Sleeping          ||     1
Armor: Skin              ||     5
Dodge: Dodged            ||     9

Table legend: (Time is in decaauts)
 A = Elapsed time spent in this place.
 B = Non-inter-level travel time spent in this place.
 C = Inter-level travel time spent in this place.
 D = Time resting spent in this place.
 E = Time spent auto-exploring this place.
 F = Levels seen in this place.
 G = Mean time per level.
                   A        B        C        D        E       F      G
               +--------+--------+--------+--------+--------+-----+--------+
         Total |    162 |    162 |      0 |      0 |    132 |   1 |  162.0 |
       Dungeon |    162 |    162 |      0 |      0 |    132 |   1 |  162.0 |
               +--------+--------+--------+--------+--------+-----+--------+

Top non-repeatable levels by time:
     D:1: 162 daAuts
